 Dungeon Crawl Stone Soup version 0.29.1 (webtiles) character file.

Game seed: 12660762147596167208

185 greasedhog the Vexing (level 5, -1/29 HPs)
             Began as a Gargoyle Arcane Marksman on Sept 13, 2022.
             Slain by a hound (5 damage)
             ... on level 3 of the Dungeon.
             The game lasted 00:04:08 (2274 turns).

greasedhog the Vexing (Gargoyle Arcane Marksman)    Turns: 2274, Time: 00:04:08

Health: -1/29      AC:  6    Str: 14    XL:     5   Next: 64%
Magic:  6/6        EV: 12    Int: 13    God:
Gold:   111        SH:  0    Dex: 18    Spells: 2/6 levels left

rFire   . . .      SeeInvis .   a - +2 sling
rCold   . . .      Faith    .   (no shield)
rNeg    + . .      Spirit   .   c - +0 robe
rPois   ∞          Reflect  .   (no helmet)
rElec   +          Harm     .   (no cloak)
rCorr   .          Rampage  .   (no gloves)
Will    .....                   (no boots)
Stlth   ++........              n - amulet of magic regeneration
HPRegen 0.09/turn               l - +6 ring of dexterity
MPRegen 0.50/turn               (no ring)

@: no status effects
A: sickness immunity, AC +4, negative energy resistance 1, electricity
resistance, torment resistance 1, petrification resistance
a: no special abilities


You were on level 3 of the Dungeon.
You visited 1 branch of the dungeon, and saw 3 of its levels.

You collected 111 gold pieces.

Inventory:

Hand Weapons
 a - a +2 sling (weapon)
Armour
 c - a +0 robe (worn)
Jewellery
 l - a +6 ring of dexterity (left hand)
 n - an amulet of magic regeneration (around neck)
Scrolls
 b - 2 scrolls of poison
 h - 2 scrolls of teleportation
 j - a scroll of blinking
 k - a scroll of enchant weapon
 m - a scroll of silence
Potions
 d - 2 potions of brilliance
 e - a potion of berserk rage
 f - a potion of resistance
 g - a potion of curing {unknown}
 i - a potion of magic {unknown}
 o - a potion of attraction {unknown}


   Skills:
 - Level 1.1 Fighting
 * Level 4.2 Ranged Weapons
 - Level 1.5 Dodging
 - Level 1.0 Spellcasting
 * Level 4.3 Hexes


You had 2 spell levels left.
You knew the following spells:

 Your Spells              Type           Power      Damage    Failure   Level
a - Slow                  Hex            48%        N/A       4%          1
b - Portal Projectile     Hex/Tloc       12%        N/A       34%         3

Your spell library contained the following spells:

 Spells                   Type           Power      Damage    Failure   Level
 Inner Flame              Hex/Fire       6%         N/A       34%         3
 Cause Fear               Hex            6%         N/A       43%         4


Dungeon Overview and Level Annotations

Branches:
Dungeon (3/15)

Altars:


Innate Abilities, Weirdness & Mutations

You are immune to sickness and miasma.
Your stone body is resilient. (AC +4)
You are immune to poison.
You resist negative energy. (rN+)
You are resistant to electric shocks. (rElec)
You are resistant to unholy torment.
You are immune to petrification.


Message History

Press: ? - help, Shift-Dir - straight line, f/p - hound
Aim: a hound (heavily wounded, chance to affect: 60%)
The hound seems to slow down.
The hound closely misses you.
You are too injured to fight recklessly!
Fire: a) +2 sling
Press: ? - help, Q - select action, (/) - cycle Shift-Dir - straight line, f/p - hound
Aim: a hound (heavily wounded, slow, 53% to hit)
You shoot a sling bullet.
The sling bullet barely misses the hound.
The hound bites you.
Fire: a) +2 sling
Press: ? - help, Q - select action, (/) - cycle Shift-Dir - straight line, f/p - hound
Aim: a hound (heavily wounded, slow, 53% to hit)
You shoot a sling bullet. The sling bullet misses the hound.
The hound misses you.
Unknown command.
Fire: a) +2 sling
Press: ? - help, Q - select action, (/) - cycle Shift-Dir - straight line, f/p - hound
Aim: a hound (heavily wounded, slow, 53% to hit)
You shoot a sling bullet.
The sling bullet closely misses the hound.
The hound barely misses you.
Fire: a) +2 sling
Press: ? - help, Q - select action, (/) - cycle Shift-Dir - straight line, f/p - hound
Aim: a hound (heavily wounded, slow, 53% to hit)
You shoot a sling bullet.
The sling bullet completely misses the hound.
The hound closely misses you. The hound attacks as you move away!
The hound bites you but does no damage. The hound attacks as you move away!
The hound bites you. The hound attacks as you move away! The hound bites you.
* * * LOW HITPOINT WARNING * * *
The hound attacks as you move away! The hound barely misses you.
Fire: a) +2 sling
Press: ? - help, Q - select action, (/) - cycle Shift-Dir - straight line, f/p - hound
Aim: a hound (heavily wounded, slow, 53% to hit)
You shoot a sling bullet.
The sling bullet barely misses the hound.
The hound bites you but does no damage. The hound bites you.
You die...

####### ####.....# #........#
###### #..P!P...# #.....
####)###.# #########..... ['.
#.###......##..... ###.
#..##......##....) '.
#h..#......##..)..
#######@..#......##.....
..........#......##.....
.....>....#.....†##.....
..........#.............
..........##......##.....
.............#..####..#.#
########.................###.##.#
......................##..#..#...
###.........#..##.....#.....##...


You could see a hound (slow).

Vanquished Creatures
  A hound (D:3)
  Jessica (D:3)
  Terence (D:2)
  Robin (D:2)
  A gnoll (D:3)
  2 adders (D:2)
  5 ball pythons
  4 bats
  8 endoplasms
  A giant cockroach (D:2)
  13 goblins
  7 hobgoblins
  2 jackals (D:1)
  3 kobolds
  A quokka (D:3)
  A frilled lizard (D:3)
  9 rats
61 creatures vanquished.

Notes
Turn   | Place    | Note
-------+----------+-------------------------------------------
     0 | D:1      | greasedhog the Gargoyle Arcane Marksman began the quest for
                  | the Orb.
     0 | D:1      | Reached XP level 1. HP: 12/12 MP: 2/2
   180 | D:1      | Reached XP level 2. HP: 16/16 MP: 1/3
  1054 | D:1      | Reached XP level 3. HP: 20/20 MP: 4/4
  1248 | D:2      | Noticed Terence
  1252 | D:2      | Killed Terence
  1253 | D:2      | Reached XP level 4. HP: 25/25 MP: 5/5
  1656 | D:2      | Learned a level 3 spell: Portal Projectile
  1809 | D:2      | Noticed Robin
  1822 | D:2      | Killed Robin
  2183 | D:3      | Reached XP level 5. HP: 29/29 MP: 6/6
  2208 | D:3      | Noticed Jessica
  2210 | D:3      | Killed Jessica
  2274 | D:3      | Slain by a hound

Illustrated notes

Levels and vault maps discovered:
D:1:      scummos_arrival_gate, layout_loops_corners, moated_statue
D:2:      layout_rooms, uniq_robin, uniq_terence
D:3:      layout_rooms, cheibrodos_gnoll_hut, uniq_jessica

Skill      XL: |  1  2  3  4  5 |
---------------+----------------+-----
Hexes          | 3 4 |  4.3
Ranged Weapons | 3 4 |  4.2
Fighting       | |  1.1
Dodging        | |  1.5
Spellcasting   | |  1.0

Action                   |  1- 3 |  4- 6 || total
-------------------------+-------+-------++-------
 Fire: Sling             |    90 |    91 ||   181
 Cast: Slow              |     4 |     4 ||     8
  Use: Scroll            |     6 |     2 ||     8
Armor: Robe              |     6 |    14 ||    20
Dodge: Dodged            |    18 |    33 ||    51
